AoeStats
← zephyrutia

Oasis

509360348Analyzed
3v3 RM · 6d ago on Sep 26, 2026· 30m 31s· 6 players
Game mode
Random Map
Map size
Normal (6 player)
Population
200
Speed
Normal
Resources
Standard
Victory
Conquest
Starting age
Dark Age
Ending age
Imperial Age
RankedLock teamsTeams togetherTeam positionsShared explorationLock speedFull tech treeHidden civsTurbo modeCheats
Victory
Defeat
🇳🇵 Vietnamese · Nepal
920
+26
🇺🇸 Teutons · United States
903
+16
🇳🇵 Japanese · Nepal
880
+20
🇹🇼 Celts · Taiwan
905
-16
🇹🇼 Aztecs · Taiwan
903
-16
🇹🇼 Persians · Taiwan
891
-16
Dai_Chen
0:33 Loom
12:13 Feudal Age
18:23 Castle Age
21:04 Pikeman
22:52 Double-Bit Axe
23:25 Elite Skirmisher
yang101310427
11:25 Feudal Age
16:13 Castle Age
14:25 Double-Bit Axe
16:41 Wheelbarrow
17:01 Loom
23:36 Bloodlines
南瓜小公主
0:29 Loom
11:17 Feudal Age
12:48 Wheelbarrow
12:01 Double-Bit Axe
12:59 Gold Mining
13:05 Horse Collar
18:48 Forging
20:48 Scale Mail Armor
21:41 Fletching
24:38 Castle Age
25:20 Padded Archer Armor
26:42 Squires
26:03 Pikeman
27:58 Iron Casting
27:39 Chain Mail Armor
29:41 Bodkin Arrow
zephyrutia
7:58 Loom
10:30 Feudal Age
19:08 Castle Age
17:19 Double-Bit Axe
19:08 Scale Barding Armor
20:23 Chain Barding Armor
25:29 Wheelbarrow
24:37 Horse Collar
26:26 Forging
Blast
4:21 Loom
11:04 Feudal Age
12:26 Double-Bit Axe
18:14 Fletching
24:08 Castle Age
22:26 Padded Archer Armor
25:44 Thumb Ring
25:51 Crossbowman
28:16 Bow Saw
27:59 Elite Skirmisher
Magikarp
12:32 Feudal Age
14:12 Loom
15:05 Wheelbarrow
18:45 Castle Age
18:27 Forging
18:17 Scale Mail Armor
19:16 Double-Bit Axe
22:19 Gold Mining
22:19 Stone Mining
23:37 Gold Shaft Mining
23:46 Iron Casting
23:26 Chain Mail Armor
26:08 Bow Saw
Connection lost

Rejoining the realm…

Still unreachable

The connection could not be restored.

Session expired

The server has moved on; the page needs a fresh start.